 Dungeon Crawl Stone Soup version 0.29.1-15-g9cfb28693d (webtiles) character file.

Game seed: 8340210320521548530

100 jtron the Sneak (level 4, 0/35 HPs)
             Began as a Demonspawn Wanderer on Mar 28, 2023.
             Slain by Ijyb
             ... wielding a +0 dagger
              (1 damage)
             ... on level 3 of the Dungeon.
             The game lasted 00:03:48 (2338 turns).

jtron the Sneak (Demonspawn Wanderer)               Turns: 2338, Time: 00:03:49

Health: 0/35       AC:  5    Str: 14    XL:     4   Next: 46%
Magic:  4/4        EV: 11    Int: 10    God:
Gold:   102        SH:  0    Dex: 16    Spells: 3/3 levels left

rFire   . . .      SeeInvis .   a - +0 halberd
rCold   . . .      Faith    .   (shield currently unavailable)
rNeg    . . .      Spirit   .   e - +0 leather armour
rPois   .          Reflect  .   (no helmet)
rElec   .          Harm     .   k - +0 cloak
rCorr   .          Rampage  .   (no gloves)
Will    .....                   (no boots)
Stlth   +++.......              (no amulet)
HPRegen 0.11/turn               (no ring)
MPRegen 0.09/turn               (no ring)

@: hasted, very quick
A: rugged brown scales 1, demonic touch 1
a: no special abilities


You were on level 3 of the Dungeon.
You visited 1 branch of the dungeon, and saw 3 of its levels.

You collected 102 gold pieces.

Inventory:

Hand Weapons
 a - a +0 halberd (weapon)
 c - a +0 spear
 h - a +3 dagger
Missiles
 m - 23 stones (quivered)
Armour
 e - a +0 leather armour (worn)
 g - a +0 chain mail
 k - a +0 cloak (worn)
Scrolls
 d - a scroll of blinking
 i - a scroll of vulnerability {unknown}
 j - a scroll of immolation {unknown}
 n - 2 scrolls of teleportation
 p - a scroll of fog {unknown}
 q - a scroll of magic mapping {unknown}
 r - a scroll of identify
 s - a scroll of amnesia {unknown}
Potions
 f - a potion of flight
 l - a potion of lignification {unknown}
 o - a potion of resistance {unknown}


   Skills:
 * Level 2.6 Fighting
 - Level 2.0 Short Blades
 * Level 2.7 Polearms
 + Level 1.1 Armour
 + Level 0.9 Dodging
 - Level 5.0 Stealth


You had 3 spell levels left.
You didn't know any spells.
Your spell library contained the following spells:

 Spells                   Type           Power      Damage    Failure   Level
 Apportation              Tloc           0%         N/A       43%         1
 Foxfire                  Conj/Fire      0%         2x1d4     43%         1
 Necrotise                Necr           0%         1d4       43%         1
 Summon Small Mammal      Summ           0%         N/A       43%         1
 Conjure Flame            Conj/Fire      0%         6-21      80%         3
 Inner Flame              Hex/Fire       0%         N/A       80%         3
 Stone Arrow              Conj/Erth      0%         3d7       80%         3
 Animate Armour           Summ/Erth      0%         N/A       99%         4
 Flame Wave               Conj/Fire      0%         2d4       99%         4
 Blade Hands              Tmut           0%         N/A       100%        5
 Irradiate                Conj/Tmut      0%         3d11      100%        5
 Dragon Form              Tmut           0%         N/A       100%        7
 Lehudib's Crystal Spear  Conj/Erth      0%         10d2      100%        8


Dungeon Overview and Level Annotations

Branches:
Dungeon (3/15)

Altars:

Shops:
D:2 (

Annotations:
D:3 Ijyb


Innate Abilities, Weirdness & Mutations

You are partially covered in rugged brown scales. (AC +1, +3% HP)
Your touch may inflict minor irresistible damage on your foes.


Message History

You closely miss the hound.
The hound is moderately wounded.
The hound bites you but does no damage. The hound closely misses you.
The quokka completely misses you.
Ijyb zaps a wand.
The roots erupt in riotous growth!
The grasping roots grab you!
The hound is unaffected.
Ijyb is unaffected.
The quokka is unaffected.
The grasping roots constrict you.
You hear a shout! x2
You feel yourself speed up. The hound bites you. The quokka bites you.
Ijyb hits you with a +0 dagger. The grasping roots constrict you.
The hound bites you but does no damage.
You hit Ijyb but do no damage. The quokka barely misses you.
The hound bites you. Ijyb hits you with a +0 dagger.
* * * LOW HITPOINT WARNING * * *
The grasping roots constrict you.
* * * LOW HITPOINT WARNING * * *
An ogre comes into view. It is wielding a +0 giant club.
You hit Ijyb but do no damage. The hound bites you but does no damage.
The quokka bites you but does no damage.
Ijyb completely misses you. The grasping roots constrict you.
* * * LOW HITPOINT WARNING * * *
The hound bites you.
* * * LOW HITPOINT WARNING * * *
The quokka bites you but does no damage.
The grasping roots release their grip on you.
You barely miss Ijyb.
The hound pauses to sniff the ground.
The hound bites you but does no damage. Ijyb hits you but does no damage.
The quokka barely misses you.
You barely miss Ijyb. The hound bites you but does no damage.
The quokka closely misses you. Ijyb hits you with a +0 dagger.
* * * LOW HITPOINT WARNING * * *
You hit Ijyb.
Ijyb is lightly wounded.
The hound closely misses you. The quokka barely misses you.
The hound bites you.
* * * LOW HITPOINT WARNING * * *
Ijyb hits you with a +0 dagger.
You die...

#### #..
####.###########
#..............#####
#.##.#########.....#
#........# #####.#
#.####@..# #<#
#....hgr...# ###
.......O.......
....#....(..... ###
#.#.###.... .....
.... .##### ### ..


You could see an ogre, Ijyb, a hound and a quokka.

Vanquished Creatures
  4 gnolls
  An adder (D:2)
  A dart slug (D:1)
  3 endoplasms (D:1)
  2 giant cockroaches (D:1)
  4 goblins
  9 hobgoblins
  A quokka (D:2)
  5 ball pythons
  6 bats
  4 frilled lizards (D:1)
  5 kobolds
  6 rats
51 creatures vanquished.

Notes
Turn   | Place    | Note
-------+----------+-------------------------------------------
     0 | D:1      | jtron the Demonspawn Wanderer began the quest for the Orb.
     0 | D:1      | jtron set off with the following items: a +3 dagger, a
                  | potion of haste, a +0 spear, a scroll of blinking, a +0
                  | leather armour.
     0 | D:1      | Reached XP level 1. HP: 16/16 MP: 1/1
   279 | D:1      | Reached skill level 5 in Stealth
   279 | D:1      | Gained mutation: Your touch may inflict minor irresistible
                  | damage on your foes. [demonic ancestry]
   279 | D:1      | Reached XP level 2. HP: 17/22 MP: 2/2
   440 | D:1      | Reached skill level 1 in Short Blades
   450 | D:1      | Gained mutation: You are partially covered in rugged brown
                  | scales. (AC +1, +3% HP) [demonic ancestry]
   450 | D:1      | Reached XP level 3. HP: 21/27 MP: 3/3
  1614 | D:2      | Reached skill level 1 in Armour
  1614 | D:2      | Reached XP level 4. HP: 15/35 MP: 4/4
  2036 | D:2      | Found Kayxkukk's Weapon Boutique.
  2328 | D:3      | Noticed Ijyb
  2334 | D:3      | Noticed an ogre
  2338 | D:3      | HP: 1/35 [hound (2)]
  2338 | D:3      | Slain by Ijyb

Illustrated notes

Levels and vault maps discovered:
D:1:      eino_arrival_tree_alley, layout_basic, serial_park_tiny_2
D:2:      layout_basic, serial_shops, shop_statue,
          hangedman_abyss_or_decor_lesser_grid, lightli_corner_chamber
D:3:      layout_basic, shapermc_ecumenical_altar_mp_urbaneastern, uniq_ijyb

Skill      XL: |  1  2  3  4 |
---------------+-------------+-----
Stealth        | 5 |  5.0
Short Blades   | 1 2 |  2.0
Armour         | 1 |  1.1
Fighting       | |  2.6
Polearms       | |  2.7
Dodging        | |  0.9

Action                   |  1- 3 |  4- 6 || total
-------------------------+-------+-------++-------
Melee: Dagger            |    88 |     3 ||    91
       Touch             |     7 |       ||     7
       Punch             |     1 |       ||     1
       Halberd           |       |    29 ||    29
  Use: Potion            |     2 |     2 ||     4
       Scroll            |     4 |       ||     4
 Stab: Sleeping          |     2 |     2 ||     4
Armor: Leather armour    |    26 |    16 ||    42
Dodge: Dodged            |    45 |    20 ||    65
